cohdb
Replays
Latest Replays
All Replays
Popular Replays
Top Player Replays
Match Explorer
How It Works
Community
CoH3 Stats
Reddit
Sign in to upload your games and track your stats! →
Sign in with Steam
Match 43708621
Unlisted
Match 43708621
Overview
Messages
Build Orders
End
Kradschützen Motorcycle Team
Kradschützen Motorcycle Team
Selects Armored Support Battlegroup
Selects Armored Support Battlegroup
250 Light Carrier
Construct Light Support Kompanie
Assault Grenadier Squad
Selects Superior Fire Drills
Assault Grenadier Squad
Fire Support Elements
Panzerjäger Squad
Flakvierling Half-track
Assault Mechanized Group
Selects Flammpanzer III Medium Tank
MG34 Team
Selects Salvage Kits
2.5-tonne Medical Truck
Selects Panzer Storm
MG34 Team
MG34 Team
Willaguy
书签SQ
0
0
Comments
sign in to comment!
No comments posted yet!